 Dungeon Crawl Stone Soup version 0.31-a0-216-g22e908daa7 (webtiles) character file.

Game seed: 15152362207039119645

34521 qw the Cleaver (level 13, -10/84 HPs)
             Began as a Gargoyle Fighter on July 1, 2023.
             Was a High Priest of Okawaru.
             Mangled by a skyshark (12 damage)
             ... on level 5 of the Lair of Beasts.
             The game lasted 00:08:26 (15285 turns).

qw the Cleaver (Gargoyle Fighter)                  Turns: 15285, Time: 00:08:26

Health: -10/84     AC: 30    Str: 23    XL:     13   Next: 77%
Magic:  14/20      EV: 14    Int: 11    God:    Okawaru [*****.]
Gold:   1276       SH:  6    Dex:  9    Spells: 12/12 levels left

rFire   . . .        q - +7 war axe
rCold   . . .        c - +0 buckler
rNeg    + . .        t - +1 plate armour
rPois   inf          (no helmet)
rElec   +            (no cloak)
rCorr   .            (no gloves)
SInv    .            (no boots)
Will    .....        (no amulet) Stlth
                     s - +5 ring of evasion
HPRegen 0.34/turn    k - +4 ring of protection
MPRegen 0.17/turn

%: no passive effects
@: about to teleport, heroic, finesse-ful, marked, mesmerised
A: sickness immunity, AC +9, negative energy resistance 1, electricity
resistance, torment resistance 1, petrification resistance
a: Renounce Religion, Heroism, Finesse, Duel


You were on level 5 of the Lair of Beasts.
You worshipped Okawaru.
Okawaru was extremely pleased with you.
You visited 3 branches of the dungeon, and saw 16 of its levels.
You also visited: Ossuary.

You collected 1276 gold pieces.


Innate Abilities, Weirdness & Mutations

You are immune to sickness and miasma.
Your stone body is resilient. (AC +9)
You are immune to poison.
You resist negative energy. (rN+)
You are resistant to electric shocks. (rElec)
You are resistant to unholy torment.
You are immune to petrification.


   Skills:
 - Level 11.3(16.3) Fighting
 + Level 14.3(19.3) Axes
 - Level 5.0(10.0) Throwing
 - Level 9.0(14.0) Armour
 - Level 2.0(7.0) Dodging
 - Level 7.0(12.0) Shields
 - Level 10.0 Invocations


You had 12 spell levels left.
You didn't know any spells.
Your spell library was empty.

Inventory:

Hand Weapons
 b - a +1 demon whip of venom
 l - a +0 morningstar
 q - a +7 war axe (weapon)
Armour
 c - a +0 buckler (worn)
 j - a +0 cloak
 t - a +1 plate armour (worn)
 u - a +2 hat
Jewellery
 i - an amulet of faith
 k - a +4 ring of protection (right hand)
 n - a ring of protection from cold
 p - a ring of resist corrosion
 s - a +5 ring of evasion (left hand)
 y - an amulet of regeneration
 Y - a ring of protection from cold
Scrolls
 a - 7 scrolls of identify
 e - 2 scrolls of teleportation
Potions
 d - 6 potions of might
 f - 5 potions of curing
 g - a potion of haste
 h - a potion of enlightenment
 m - 3 potions of attraction
 r - a potion of cancellation
 v - a potion of mutation
 w - a potion of lignification

Dungeon Overview and Level Annotations

Branches:
Dungeon (10/15)            Temple (1/1) D:4            Lair (5/5) D:10
 Shoals (0/4) Lair:2       Spider (0/4) Lair:3        Slime (0/5) Lair:4
    Orc (0/2) D:10        Ossuary (visited)

Altars:
Ashenzari
Cheibriados
Dithmenos
Elyvilon
Fedhas
Gozag
Hepliaklqana
Kikubaaqudgha
Makhleb
Nemelex Xobeh
Okawaru
Qazlal
Ru
Sif Muna
Trog
Uskayaw
Vehumet
Wu Jian
Xom
Yredelemnul
Zin
The Shining One

Shops:
D:2 (   D:5 *

Annotations:
D:10 1 runed translucent door
Lair:3 exclusion: 3 culicivoras


Message History

15281 ||| READING 3 scrolls of teleportation.
As you read the scroll of teleportation, it crumbles to dust.
You feel strangely unstable. The ice encasing you melts away.
You block the wyvern's attack. The hornet misses you.
A wyvern comes into view.
The blink frog blinks!
The merfolk avatar chants its luring song.
The snapping turtle bites you but does no damage.
The yak gores you but does no damage. x3; The yak closely misses you.
The skyshark bites you! The skyshark misses you. x2
15282 ||| DRINKING potion of heal wounds.
You feel much better. The hornet barely misses you.
The merfolk avatar chants its luring song.
The hornet stings you but does no damage.
The snapping turtle closely misses you.
The blink frog blinks!
You block the yak's attack. The yak barely misses you. x3
The komodo dragon closely misses you. You block the skyshark's attack.
The skyshark barely misses you. x2
You hit the hornet.
The hornet is heavily wounded.
You slash the yak! x2; You slash the skyshark!
You hit the komodo dragon but do no damage.
You slash the yak! You hit the yak. You closely miss the hornet.
The hornet is heavily wounded.
You slash the skyshark! You hit the komodo dragon. You slash the yak!
You hit the yak. You completely miss the yak. You hit the yak.
The hornet barely misses you.
You completely miss the yak.
The yak is severely wounded.
You slash the yak! You hit the skyshark. You hit the hornet.
You hit the komodo dragon. You hit the yak. You slice the yak!!
The blink frog blinks!
The merfolk avatar chants its luring song.
You block the yak's attack. The yak closely misses you. The yak gores you.
The snapping turtle bites you from afar!
The yak gores you! The komodo dragon barely misses you. The skyshark bites you!
You die...

#.... ....P ###.... ....##.
##...... ....... #P.....#
##....#.. ##......###......?.
.......Y.##F.F.....
....##.~.DYlhlm.....
#...#~~~..FYYlk.ยค....
.....~~~~.YY@ytYl....
#....~~~#..Y#ll......
.....~P...##.......
.........## .....#.......
###.#P...# ##..##.....[..
####.%.###. ##..##........#
###.#.#....#..##...#........~
##............#....#.........~
#.........7..77..............~


You could see a merfolk avatar (mesmerising), 2 skysharks, a four-headed hydra,
an elephant, a snapping turtle, 2 komodo dragons, 7 yaks, 2 cane toads, a blink
frog, a rime drake, a hornet, 2 wyverns and a wolf.

Vanquished Creatures
  Gastronok (D:8)
  3 hydras
  A boulder beetle (Lair:3)
  2 two-headed ogres (D:10)
  Sonja (Lair:3)
  Amaemon (D:8)
  A skyshark (Lair:4)
  A lindwurm (Lair:4)
  5 harpies
  A manticore (D:10)
  6 elephants (Lair:2)
  4 black mambas
  An orange demon (D:8)
  Joseph (D:7)
  6 rime drakes
  4 cane toads
  5 komodo dragons
  A polar bear (Lair:1)
  2 trolls
  Prince Ribbit (D:9)
  13 blink frogs
  4 dream sheep (Lair:4)
  2 jumping spiders (Lair:3)
  2 culicivoras (Lair:3)
  Sigmund (D:2)
  8 wyverns
  5 basilisks
  24 yaks
  2 steam dragons (D:6)
  2 redbacks (Lair:3)
  An acid dragon (D:10)
  12 water moccasins
  A black bear (D:7)
  An ice beast (D:5)
  6 orc warriors
  A sky beast (D:6)
  3 ogres
  7 wolves
  A centaur (D:9)
  3 kobold brigands
  6 bullfrogs
  4 scorpions
  4 water moccasin zombies (Ossuary)
  19 wights
  11 killer bees
  2 electric eels
  6 orc priests
  A jelly (D:7)
  4 hounds
  An iguana (D:4)
  Jessica (D:2)
  Natasha (D:2)
  6 orc wizards
  5 hell rats (Lair:2)
  2 mummies (Ossuary)
  6 gnolls
  5 adders
  2 river rats (Lair:2)
  A shadow imp (D:5)
  3 white imps
  7 adder zombies (Ossuary)
  2 worms (D:2)
  6 dart slugs
  65 orcs
  5 bats
  5 endoplasms
  2 giant cockroaches
  4 gnoll zombies (Ossuary)
  7 goblins
  6 hobgoblins
  3 jackals (D:5)
  25 kobolds
  2 quokkas
  8 ball pythons
  2 frilled lizards (D:1)
  A goblin zombie (D:6)
  6 hobgoblin zombies (Ossuary)
  5 kobold zombies (Ossuary)
  An orc zombie (Ossuary)
  10 rats
  A rat zombie (D:6)
410 creatures vanquished.

Notes
Turn   | Place    | Note
-------+----------+-------------------------------------------
     0 | D:1      | qw the Gargoyle Fighter began the quest for the Orb.
     0 | D:1      | Reached XP level 1. HP: 14/14 MP: 1/1
     0 | D:1      | 0 ||| qw: Version: 0.3-a-34-gb2f95b8
     0 | D:1      | 0 ||| qw: Game counter: 7696
     0 | D:1      | 0 ||| qw: Melee chars always use a shield: true
     0 | D:1      | 0 ||| qw: God list: Okawaru
     0 | D:1      | 0 ||| qw: Allow faded altars: false
     0 | D:1      | 0 ||| qw: Do Orc after clearing Dungeon:15 true
     0 | D:1      | 0 ||| qw: Do second Lair branch before Depths: true
     0 | D:1      | 0 ||| qw: Lair rune preference: random
     0 | D:1      | 0 ||| qw: Goals: Normal, Zot:1-4, Slime:5, God:TSO, Crypt,
                  | Tomb, Abyss, Pan, Hells, Win
     0 | D:1      | 0 ||| PLANNING D:1-11
    90 | D:1      | Reached skill level 2 in Axes
   182 | D:1      | Reached XP level 2. HP: 15/19 MP: 2/2
   405 | D:1      | 405 ||| Stepping ~*~*~tactically~*~*~ (hiding).
   406 | D:1      | 406 ||| Stepping ~*~*~tactically~*~*~ (hiding).
   664 | D:1      | 664 ||| Stepping ~*~*~tactically~*~*~ (hiding).
   743 | D:1      | Reached skill level 3 in Axes
   751 | D:1      | Reached XP level 3. HP: 23/23 MP: 3/3
   907 | D:1      | 907 ||| Stepping ~*~*~tactically~*~*~ (hiding).
  1156 | D:1      | 1156 ||| UPGRADING to ring of protection from cold.
  1157 | D:1      | 1157 ||| READING 2 scrolls labelled KUANUT KO IVOU.
  1215 | D:2      | Noticed Sigmund
  1229 | D:2      | 1229 ||| FLEEEEING.
  1230 | D:2      | 1230 ||| FLEEEEING.
  1231 | D:2      | 1231 ||| FLEEEEING.
  1232 | D:2      | 1232 ||| STAIRDANCE
  1274 | D:2      | 1274 ||| STAIRDANCE
  1314 | D:2      | Killed Sigmund
  1315 | D:2      | Reached skill level 5 in Axes
  1315 | D:2      | Reached XP level 4. HP: 26/28 MP: 4/4
  1315 | D:2      | Reached XP level 5. HP: 30/32 MP: 5/5
  1489 | D:2      | 1489 ||| Stepping ~*~*~tactically~*~*~ (stealth).
  1505 | D:2      | 1505 ||| Stepping ~*~*~tactically~*~*~ (hiding).
  1509 | D:2      | 1509 ||| Stepping ~*~*~tactically~*~*~ (hiding).
  1586 | D:2      | 1586 ||| Stepping ~*~*~tactically~*~*~ (stealth).
  1715 | D:2      | Noticed Natasha
  1716 | D:2      | 1716 ||| Stepping ~*~*~tactically~*~*~ (hiding).
  1717 | D:2      | 1717 ||| Stepping ~*~*~tactically~*~*~ (hiding).
  1718 | D:2      | 1718 ||| Stepping ~*~*~tactically~*~*~ (hiding).
  1738 | D:2      | HP: 6/32 [cerulean imp/+0 spear[Natasha] (5)]
  1739 | D:2      | Killed Natasha
  1740 | D:2      | Reached XP level 6. HP: 4/38 MP: 6/6
  1900 | D:2      | Found Homi Aje's Weapon Shoppe.
  1900 | D:2      | Noticed Jessica
  1901 | D:2      | 1901 ||| Stepping ~*~*~tactically~*~*~ (hiding).
  1905 | D:2      | 1905 ||| Stepping ~*~*~tactically~*~*~ (stealth).
  1912 | D:2      | Killed Jessica
  1913 | D:2      | Reached skill level 1 in Dodging
  1914 | D:2      | 1914 ||| Stepping ~*~*~tactically~*~*~ (stealth).
  1917 | D:2      | 1917 ||| Stepping ~*~*~tactically~*~*~ (stealth).
  1929 | D:2      | 1929 ||| Stepping ~*~*~tactically~*~*~ (stealth).
  1931 | D:2      | 1931 ||| Stepping ~*~*~tactically~*~*~ (stealth).
  1952 | D:2      | 1952 ||| DROPPING +0 whip.
  1954 | D:2      | 1954 ||| READING scroll labelled NADOLU EMATHRIN.
  2286 | D:2      | 2286 ||| DROPPING ring of wizardry.
  2287 | D:2      | 2287 ||| READING scroll labelled KENOBE WYALI.
  2288 | D:2      | 2288 ||| READING 8 scrolls of identify.
  2288 | D:2      | 2288 ||| IDENTIFYING sedimented white potion
  2289 | D:2      | 2289 ||| READING 7 scrolls of identify.
  2289 | D:2      | 2289 ||| IDENTIFYING fizzy blue potion
  2290 | D:2      | 2290 ||| READING 6 scrolls of identify.
  2290 | D:2      | 2290 ||| IDENTIFYING black potion
  2291 | D:2      | 2291 ||| READING 5 scrolls of identify.
  2291 | D:2      | 2291 ||| IDENTIFYING blue potion
  2292 | D:2      | 2292 ||| READING 4 scrolls of identify.
  2292 | D:2      | 2292 ||| IDENTIFYING smoky dark potion
  2293 | D:2      | 2293 ||| DROPPING potion of degeneration.
  2341 | D:3      | 2341 ||| Stepping ~*~*~tactically~*~*~ (hiding).
  2503 | D:3      | Found the +5 woodcutter's axe
  3044 | D:3      | 3044 ||| READING scroll labelled JAM ENTOGGIMON.
  3178 | D:4      | Noticed a water moccasin
  3194 | D:4      | Killed a water moccasin
  3348 | D:4      | Reached skill level 6 in Axes
  3625 | D:4      | Found a staircase to the Ecumenical Temple.
  3626 | D:4      | 3626 ||| PLANNING TEMPLE
  3626 | D:4      | 3626 ||| DROPPING ring of ice.
  3627 | D:4      | 3627 ||| UPGRADING to ring of protection from cold.
  3637 | Temple   | Entered the Ecumenical Temple
  3638 | Temple   | 3638 ||| PLANNING OKAWARU WORSHIP
  3643 | Temple   | Became a worshipper of Warmaster Okawaru
  3644 | Temple   | 3644 ||| PLANNING D:1-11
  3736 | D:4      | Reached XP level 7. HP: 43/43 MP: 7/7
  3745 | D:4      | Reached skill level 1 in Throwing
  3821 | D:5      | Entered Level 5 of the Dungeon
  4137 | D:5      | Found Ymudorou's Serpentskin Sales.
  4144 | D:5      | 4144 ||| SHOPLISTING +2 chain mail of poison resistance
                  | (222 gold, have 213).
  4180 | D:5      | 4180 ||| Stepping ~*~*~tactically~*~*~ (hiding).
  4272 | D:5      | 4272 ||| DROPPING +0 mace.
  4377 | D:5      | Reached skill level 7 in Axes
  4702 | D:5      | 4702 ||| READING scroll labelled LEXUSTR TION.
  4703 | D:5      | 4703 ||| READING scroll labelled GATAPUPPAR.
  4704 | D:5      | 4704 ||| READING 2 scrolls labelled CEMIBB CA ALU.
  4750 | D:6      | 4750 ||| PLANNING OSSUARY
  4761 | D:6      | Reached XP level 8. HP: 46/48 MP: 8/8
  4772 | D:6      | 4772 ||| Stepping ~*~*~tactically~*~*~ (stealth).
  4774 | D:6      | 4774 ||| Stepping ~*~*~tactically~*~*~ (hiding).
  4868 | D:6      | Found an ancient bone altar of Kikubaaqudgha.
  4892 | D:6      | Found a stormy altar of Qazlal.
  4906 | D:6      | Found a blossoming altar of Fedhas.
  4983 | D:6      | Reached * piety under Okawaru
  4984 | D:6      | 4984 ||| INVOKING Heroism.
  4991 | D:6      | Reached skill level 8 in Axes
  5056 | D:6      | 5056 ||| DROPPING +0 flail.
  5102 | D:6      | Reached skill level 1 in Invocations
  5173 | D:6      | Found a sand-covered staircase.
  5174 | D:6      | 5174 ||| UPGRADING to +0 chain mail.
  5184 | D:6      | 5184 ||| DROPPING +0 scale mail.
  5185 | D:6      | 5185 ||| READING scroll labelled BUNIMO JECS.
  5186 | D:6      | 5186 ||| READING 4 scrolls of identify.
  5186 | D:6      | 5186 ||| IDENTIFYING clear potion
  5195 | Ossuary  | Entered an ossuary
  5413 | Ossuary  | Reached skill level 6 in Fighting
  5413 | Ossuary  | Reached skill level 3 in Invocations
  5482 | Ossuary  | 5482 ||| READING 3 scrolls labelled DUABLUXUIT.
  5483 | Ossuary  | 5483 ||| READING 2 scrolls of enchant weapon.
  5483 | Ossuary  | 5483 ||| ENCHANTING +1 war axe.
  5484 | Ossuary  | 5484 ||| READING scroll of enchant weapon.
  5484 | Ossuary  | 5484 ||| ENCHANTING +2 war axe.
  5485 | Ossuary  | 5485 ||| READING 5 scrolls of identify.
  5485 | Ossuary  | 5485 ||| IDENTIFYING fizzy green potion
  5486 | Ossuary  | 5486 ||| DROPPING potion of berserk rage.
  5492 | D:6      | 5492 ||| PLANNING D:1-11
  5599 | D:6      | 5599 ||| READING scroll of enchant weapon.
  5599 | D:6      | 5599 ||| ENCHANTING +3 war axe.
  5798 | D:6      | 5798 ||| INVOKING Heroism.
  5807 | D:6      | Reached XP level 9. HP: 25/55 MP: 9/12
  5946 | D:6      | 5946 ||| READING scroll labelled LAOMMU ZINAJ.
  5967 | D:7      | 5967 ||| INVOKING Heroism.
  5972 | D:7      | 5972 ||| STAIRDANCE
  5972 | D:7      | HP: 10/55 [steam dragon/ball of steam (17)]
  5974 | D:6      | 5974 ||| DRINKING 2 potions of heal wounds.
  6078 | D:7      | 6078 ||| INVOKING Heroism.
  6102 | D:7      | 6102 ||| Stepping ~*~*~tactically~*~*~ (hiding).
  6144 | D:7      | Noticed Joseph
  6151 | D:7      | Reached skill level 9 in Axes
  6152 | D:7      | 6152 ||| INVOKING Heroism.
  6161 | D:7      | HP: 13/56 [Joseph/+0 quarterstaff (9)]
  6162 | D:7      | 6162 ||| DRINKING potion of heal wounds.
  6167 | D:7      | Killed Joseph
  6302 | D:7      | 6302 ||| READING scroll of enchant weapon.
  6302 | D:7      | 6302 ||| ENCHANTING +4 war axe.
  6320 | D:7      | 6320 ||| READING scroll of enchant weapon.
  6320 | D:7      | 6320 ||| ENCHANTING +5 war axe.
  6377 | D:7      | 6377 ||| INVOKING Heroism.
  6465 | D:7      | 6465 ||| READING scroll labelled RYLACVYDECS.
  6466 | D:7      | 6466 ||| READING 4 scrolls of identify.
  6466 | D:7      | 6466 ||| IDENTIFYING bubbling silvery potion
  6467 | D:7      | 6467 ||| DROPPING potion of ambrosia.
  6519 | D:7      | 6519 ||| Stepping ~*~*~tactically~*~*~ (hiding).
  6525 | D:7      | 6525 ||| Stepping ~*~*~tactically~*~*~ (hiding).
  6531 | D:7      | Reached ** piety under Okawaru
  6623 | D:7      | 6623 ||| INVOKING Heroism.
  6660 | D:7      | 6660 ||| Stepping ~*~*~tactically~*~*~ (hiding).
  6664 | D:7      | 6664 ||| Stepping ~*~*~tactically~*~*~ (stealth).
  6769 | D:7      | 6769 ||| READING scroll labelled DELUDO XAWUYRGH.
  6785 | D:8      | Noticed Amaemon
  6785 | D:8      | Noticed an orange demon
  6786 | D:8      | 6786 ||| INVOKING Heroism.
  6787 | D:8      | Found a sacrificial altar of Ru.
  6796 | D:8      | Killed an orange demon
  6797 | D:8      | Reached skill level 10 in Axes
  6797 | D:8      | Reached XP level 10. HP: 25/63 MP: 11/13
  6804 | D:8      | Killed Amaemon
  6805 | D:8      | 6805 ||| FLEEEEING.
  6806 | D:8      | 6806 ||| FLEEEEING.
  6807 | D:8      | 6807 ||| STAIRDANCE
  6951 | D:8      | 6951 ||| INVOKING Heroism.
  6957 | D:8      | Found a shimmering altar of Xom.
  7096 | D:8      | Found a hazy altar of Hepliaklqana.
  7234 | D:8      | 7234 ||| READING scroll of enchant weapon.
  7234 | D:8      | 7234 ||| ENCHANTING +6 war axe.
  7255 | D:8      | 7255 ||| Stepping ~*~*~tactically~*~*~ (hiding).
  7270 | D:8      | 7270 ||| Stepping ~*~*~tactically~*~*~ (stealth).
  7273 | D:8      | 7273 ||| Stepping ~*~*~tactically~*~*~ (stealth).
  7364 | D:8      | Found a snail-covered altar of Cheibriados.
  7440 | D:8      | 7440 ||| INVOKING Heroism.
  7454 | D:8      | Reached skill level 3 in Throwing
  7454 | D:8      | HP: 16/65 [orc warrior/+0 glaive (10)]
  7459 | D:8      | 7459 ||| INVOKING Heroism.
  7461 | D:8      | HP: 9/65 [ogre/+0 giant club (8)]
  7465 | D:8      | HP: 4/65 [orc/+0 dagger (3)]
  7478 | D:8      | HP: 3/65 [orc/+0 trident (1)]
  7484 | D:8      | 7484 ||| INVOKING Heroism.
  7729 | D:8      | Noticed Gastronok
  7730 | D:8      | 7730 ||| Stepping ~*~*~tactically~*~*~ (hiding).
  7740 | D:8      | 7740 ||| INVOKING Heroism.
  7755 | D:8      | 7755 ||| INVOKING Heroism.
  7756 | D:8      | Killed Gastronok
  7757 | D:8      | Reached skill level 11 in Axes
  7844 | D:8      | 7844 ||| UPGRADING to +0 plate armour.
  7854 | D:8      | 7854 ||| DROPPING +0 chain mail.
  7855 | D:8      | 7855 ||| READING scroll of enchant armour.
  7855 | D:8      | 7855 ||| ENCHANTING +0 plate armour.
  7856 | D:8      | 7856 ||| UPGRADING to +4 ring of protection.
  7912 | D:9      | 7912 ||| INVOKING Heroism.
  8002 | D:9      | Reached skill level 6 in Armour
  8089 | D:9      | Noticed Prince Ribbit
  8105 | D:9      | Killed Prince Ribbit
  8105 | D:9      | Reached *** piety under Okawaru
  8173 | D:9      | Found a glowing silver altar of Zin.
  8173 | D:9      | Found a white marble altar of Elyvilon.
  8173 | D:9      | Found a glowing golden altar of the Shining One.
  8193 | D:9      | Reached skill level 9 in Fighting
  8193 | D:9      | Reached XP level 11. HP: 71/71 MP: 14/14
  8218 | D:9      | 8218 ||| INVOKING Heroism.
  8226 | D:9      | 8226 ||| FLEEEEING.
  8227 | D:9      | 8227 ||| FLEEEEING.
  8228 | D:9      | 8228 ||| FLEEEEING.
  8248 | D:9      | 8248 ||| FLEEEEING.
  8249 | D:9      | 8249 ||| FLEEEEING.
  8250 | D:9      | 8250 ||| FLEEEEING.
  8251 | D:9      | 8251 ||| FLEEEEING.
  8252 | D:9      | 8252 ||| FLEEEEING.
  8253 | D:9      | 8253 ||| FLEEEEING.
  8254 | D:9      | 8254 ||| FLEEEEING.
  8255 | D:9      | 8255 ||| FLEEEEING.
  8256 | D:9      | 8256 ||| FLEEEEING.
  8257 | D:9      | 8257 ||| FLEEEEING.
  8258 | D:9      | 8258 ||| FLEEEEING.
  8259 | D:9      | 8259 ||| FLEEEEING.
  8260 | D:9      | 8260 ||| FLEEEEING.
  8261 | D:9      | 8261 ||| FLEEEEING.
  8262 | D:9      | 8262 ||| FLEEEEING.
  8267 | D:9      | 8267 ||| FLEEEEING.
  8268 | D:9      | 8268 ||| FLEEEEING.
  8269 | D:9      | 8269 ||| FLEEEEING.
  8270 | D:9      | 8270 ||| FLEEEEING.
  8271 | D:9      | 8271 ||| FLEEEEING.
  8272 | D:9      | 8272 ||| FLEEEEING.
  8273 | D:9      | 8273 ||| FLEEEEING.
  8274 | D:9      | 8274 ||| FLEEEEING.
  8275 | D:9      | 8275 ||| FLEEEEING.
  8276 | D:9      | 8276 ||| FLEEEEING.
  8277 | D:9      | 8277 ||| FLEEEEING.
  8278 | D:9      | 8278 ||| FLEEEEING.
  8279 | D:9      | 8279 ||| FLEEEEING.
  8284 | D:9      | 8284 ||| FLEEEEING.
  8285 | D:9      | 8285 ||| FLEEEEING.
  8286 | D:9      | 8286 ||| FLEEEEING.
  8287 | D:9      | 8287 ||| FLEEEEING.
  8288 | D:9      | 8288 ||| FLEEEEING.
  8289 | D:9      | 8289 ||| FLEEEEING.
  8294 | D:9      | 8294 ||| FLEEEEING.
  8299 | D:9      | 8299 ||| STAIRDANCE
  8345 | D:8      | 8345 ||| READING 4 scrolls of identify.
  8345 | D:8      | 8345 ||| IDENTIFYING lumpy yellow potion
  8422 | D:9      | 8422 ||| DROPPING +2 mace of holy wrath.
  8423 | D:9      | 8423 ||| DROPPING +4 flail.
  8430 | D:9      | 8430 ||| Stepping ~*~*~tactically~*~*~ (stealth).
  8433 | D:9      | 8433 ||| Stepping ~*~*~tactically~*~*~ (hiding).
  8579 | D:9      | 8579 ||| Stepping ~*~*~tactically~*~*~ (hiding).
  8855 | D:9      | 8855 ||| READING scroll labelled RUSHRU DURE.
  8888 | D:10     | Entered Level 10 of the Dungeon
  8930 | D:10     | 8930 ||| INVOKING Heroism.
  8969 | D:10     | 8969 ||| INVOKING Heroism.
  9045 | D:10     | Found a staircase to the Orcish Mines.
  9122 | D:10     | Noticed a two-headed ogre
  9123 | D:10     | 9123 ||| INVOKING Heroism.
  9132 | D:10     | Killed a two-headed ogre
  9171 | D:10     | 9171 ||| Stepping ~*~*~tactically~*~*~ (hiding).
  9175 | D:10     | 9175 ||| INVOKING Heroism.
  9249 | D:10     | Reached skill level 12 in Axes
  9275 | D:10     | Noticed a two-headed ogre
  9276 | D:10     | 9276 ||| INVOKING Heroism.
  9279 | D:10     | 9279 ||| Stepping ~*~*~tactically~*~*~ (hiding).
  9285 | D:10     | Killed a two-headed ogre
  9285 | D:10     | Reached **** piety under Okawaru
  9289 | D:10     | Reached skill level 6 in Shields
  9289 | D:10     | 9289 ||| Stepping ~*~*~tactically~*~*~ (stealth).
  9299 | D:10     | 9299 ||| Stepping ~*~*~tactically~*~*~ (hiding).
  9420 | D:10     | 9420 ||| Stepping ~*~*~tactically~*~*~ (hiding).
  9421 | D:10     | Found a staircase to the Lair.
  9588 | D:10     | 9588 ||| Stepping ~*~*~tactically~*~*~ (stealth).
  9618 | D:10     | Found a runed translucent door.
  9673 | D:10     | 9673 ||| Stepping ~*~*~tactically~*~*~ (hiding).
  9681 | D:10     | Received a gift from Okawaru
  9689 | D:10     | 9689 ||| INVOKING Heroism.
  9756 | D:10     | Noticed a manticore
  9757 | D:10     | 9757 ||| Stepping ~*~*~tactically~*~*~ (stealth).
  9758 | D:10     | 9758 ||| INVOKING Heroism.
  9763 | D:10     | Killed a manticore
  9763 | D:10     | Received a gift from Okawaru
  9899 | D:10     | 9899 ||| PLANNING LAIR
  9981 | Lair:1   | Entered Level 1 of the Lair of Beasts
  9986 | Lair:1   | 9986 ||| Stepping ~*~*~tactically~*~*~ (stealth).
 10021 | Lair:1   | 10021 ||| Stepping ~*~*~tactically~*~*~ (stealth).
 10022 | Lair:1   | 10022 ||| Stepping ~*~*~tactically~*~*~ (stealth).
 10024 | Lair:1   | 10024 ||| INVOKING Heroism.
 10030 | Lair:1   | Reached skill level 6 in Invocations
 10092 | Lair:1   | 10092 ||| Stepping ~*~*~tactically~*~*~ (stealth).
 10093 | Lair:1   | 10093 ||| INVOKING Heroism.
 10094 | Lair:1   | 10094 ||| Stepping ~*~*~tactically~*~*~ (stealth).
 10098 | Lair:1   | 10098 ||| Stepping ~*~*~tactically~*~*~ (stealth).
 10125 | Lair:1   | 10125 ||| INVOKING Heroism.
 10219 | Lair:1   | 10219 ||| INVOKING Heroism.
 10239 | Lair:1   | Reached XP level 12. HP: 72/77 MP: 16/16
 10521 | Lair:1   | 10521 ||| FLEEEEING.
 10539 | Lair:1   | 10539 ||| FLEEEEING.
 10540 | Lair:1   | 10540 ||| FLEEEEING.
 10541 | Lair:1   | 10541 ||| FLEEEEING.
 10542 | Lair:1   | 10542 ||| FLEEEEING.
 10543 | Lair:1   | 10543 ||| FLEEEEING.
 10544 | Lair:1   | 10544 ||| FLEEEEING.
 10545 | Lair:1   | 10545 ||| FLEEEEING.
 10546 | Lair:1   | 10546 ||| FLEEEEING.
 10547 | Lair:1   | 10547 ||| FLEEEEING.
 10548 | Lair:1   | 10548 ||| FLEEEEING.
 10557 | Lair:1   | 10557 ||| INVOKING Heroism.
 10701 | Lair:1   | 10701 ||| INVOKING Heroism.
 10764 | Lair:1   | 10764 ||| INVOKING Heroism.
 11308 | Lair:2   | Noticed an eight-headed hydra
 11309 | Lair:2   | 11309 ||| INVOKING Heroism.
 11312 | Lair:2   | 11312 ||| SWAPPING to +1 demon whip of venom.
 11326 | Lair:2   | Killed an eight-headed hydra
 11327 | Lair:2   | 11327 ||| SWAPPING to +7 war axe.
 11517 | Lair:2   | 11517 ||| INVOKING Heroism.
 11602 | Lair:2   | 11602 ||| Stepping ~*~*~tactically~*~*~ (stealth).
 11605 | Lair:2   | 11605 ||| INVOKING Heroism.
 11898 | Lair:2   | 11898 ||| Stepping ~*~*~tactically~*~*~ (hiding).
 11905 | Lair:2   | Reached skill level 9 in Invocations
 12049 | Lair:2   | 12049 ||| INVOKING Heroism.
 12059 | Lair:2   | HP: 14/77 [elephant (8)]
 12060 | Lair:2   | 12060 ||| READING 2 scrolls of teleportation.
 12061 | Lair:2   | 12061 ||| DRINKING potion of heal wounds.
 12064 | Lair:2   | Reached skill level 13 in Axes
 12084 | Lair:2   | 12084 ||| INVOKING Heroism.
 12229 | Lair:2   | 12229 ||| Stepping ~*~*~tactically~*~*~ (stealth).
 12236 | Lair:2   | 12236 ||| Stepping ~*~*~tactically~*~*~ (stealth).
 12243 | Lair:2   | Received a gift from Okawaru
 12243 | Lair:2   | Reached ***** piety under Okawaru
 12304 | Lair:2   | 12304 ||| INVOKING Heroism.
 12311 | Lair:2   | Received a gift from Okawaru
 12408 | Lair:2   | Found a staircase to the Shoals.
 12546 | Lair:2   | Reached XP level 13. HP: 82/82 MP: 20/20
 12652 | Lair:2   | 12652 ||| Stepping ~*~*~tactically~*~*~ (stealth).
 12664 | Lair:2   | 12664 ||| INVOKING Heroism.
 12868 | Lair:2   | 12868 ||| UPGRADING to +5 ring of evasion.
 12870 | Lair:2   | 12870 ||| READING 5 scrolls of identify.
 12870 | Lair:2   | 12870 ||| IDENTIFYING metallic white potion
 12916 | Lair:3   | 12916 ||| Stepping ~*~*~tactically~*~*~ (hiding).
 12917 | Lair:3   | 12917 ||| Stepping ~*~*~tactically~*~*~ (hiding).
 12925 | Lair:3   | 12925 ||| INVOKING Heroism.
 13173 | Lair:3   | Noticed Sonja
 13174 | Lair:3   | 13174 ||| Stepping ~*~*~tactically~*~*~ (hiding).
 13177 | Lair:3   | 13177 ||| Stepping ~*~*~tactically~*~*~ (hiding).
 13188 | Lair:3   | 13188 ||| INVOKING Heroism.
 13190 | Lair:3   | 13190 ||| Stepping ~*~*~tactically~*~*~ (hiding).
 13194 | Lair:3   | Killed Sonja
 13450 | Lair:3   | 13450 ||| Stepping ~*~*~tactically~*~*~ (hiding).
 13581 | Lair:3   | 13581 ||| INVOKING Heroism.
 13614 | Lair:3   | Found a hole to the Spider Nest.
 13668 | Lair:3   | 13668 ||| Stepping ~*~*~tactically~*~*~ (stealth).
 13677 | Lair:3   | Received a gift from Okawaru
 13683 | Lair:3   | 13683 ||| INVOKING Heroism.
 14064 | Lair:3   | 14064 ||| Stepping ~*~*~tactically~*~*~ (hiding).
 14072 | Lair:3   | Reached skill level 14 in Axes
 14536 | Lair:4   | 14536 ||| Stepping ~*~*~tactically~*~*~ (hiding).
 14538 | Lair:4   | 14538 ||| INVOKING Heroism.
 14562 | Lair:4   | Reached skill level 9 in Armour
 14984 | Lair:4   | Found a staircase to the Slime Pits.
 15046 | Lair:4   | 15046 ||| DRINKING 2 amethyst potions.
 15111 | Lair:5   | Entered Level 5 of the Lair of Beasts
 15145 | Lair:5   | 15145 ||| INVOKING Heroism.
 15146 | Lair:5   | 15146 ||| INVOKING Finesse.
 15148 | Lair:5   | 15148 ||| SWAPPING to +1 demon whip of venom.
 15156 | Lair:5   | 15156 ||| SWAPPING to +7 war axe.
 15242 | Lair:5   | 15242 ||| FLEEEEING.
 15243 | Lair:5   | 15243 ||| INVOKING Heroism.
 15250 | Lair:5   | 15250 ||| SWAPPING to +1 demon whip of venom.
 15255 | Lair:5   | 15255 ||| INVOKING Finesse.
 15270 | Lair:5   | 15270 ||| INVOKING Heroism.
 15271 | Lair:5   | 15271 ||| SWAPPING to +7 war axe.
 15280 | Lair:5   | Received a gift from Okawaru
 15280 | Lair:5   | HP: 21/84 [skyshark (2)]
 15281 | Lair:5   | 15281 ||| READING 3 scrolls of teleportation.
 15281 | Lair:5   | HP: 9/84 [skyshark (13)]
 15282 | Lair:5   | 15282 ||| DRINKING potion of heal wounds.
 15285 | Lair:5   | HP: 2/84 [yak (9)]
 15285 | Lair:5   | Mangled by a skyshark

Levels and vault maps discovered:
D:1:      minmay_arrival_solitary_statue, layout_basic, glass_columns_c
D:2:      layout_loops_cross, serial_shops, nicolae_shop_scrapyard,
          minmay_box_of_dots, uniq_jessica, uniq_sigmund,
          uniq_crazy_yiuf_cottage, uniq_natasha
D:3:      layout_loops_ring, corexii_hall_statues_i
D:4:      layout_basic, minmay_temple_entry_poolview
D:5:      layout_loops_corners, guppyfry_shop_venom
D:6:      layout_loops_ring, grunt_temple_overflow_forces_of_nature,
          nicolae_overflow_hidden_temple, enter_ossuary_4
D:7:      layout_rooms, uniq_joseph
D:8:      layout_rooms, mainiacjoe_overflow_chevrons, kennysheep_little_box,
          mainiacjoe_overflow_catch_the_wave, special_room [special_room_orc],
          minmay_misc_feat_chi, uniq_amaemon, uniq_gastronok
D:9:      layout_basic, good_gods_mini_temple, grunt_ministairs_9,
          uniq_prince_ribbit1
D:10:     layout_roguey [special_room_orc], erik_lair_dragon, orc_0_dummy,
          lightli_church_of_beogh
Temple:   nicolae_temple_no_exploring_needed
Lair:1:   layout_regular_city
Lair:2:   layout_regular_city, nicolae_shoals_entry_roost, serial_bayou_pond_a,
          kennysheep_abandoned_house
Lair:3:   layout_loops_ring, nicolae_spider_entry_tight_spaces,
          serial_bayou_shore_a, uniq_sonja
Lair:4:   layout_gridlike, dpeg_slime_entry_enclosed, minmay_hedge_maze,
          hibernation_bobbens
Lair:5:   gammafunk_lair_ancient_temple, layout_gridlike,
          nicolae_quartered_pool_super

Skill      XL: |  1  2  3  4  5  6  7  8  9 10 11 12 13 |
---------------+----------------------------------------+-----
Axes           | 2 3 5 6 7 8 10 11 12 13 14 | 14.3
Fighting       | 4 6 7 9 10 11 | 11.3
Dodging        | 1 2 |  2.0
Throwing       | 1 2 3 5 |  5.0
Invocations    | 4 6 10 | 10.0
Shields        | 4 5 6 7 |  7.0
Armour         | 4 6 7 8 9 |  9.0

Action                     |  1- 3 |  4- 6 |  7- 9 | 10-12 | 13-15 || total
---------------------------+-------+-------+-------+-------+-------++-------
  Melee: War axe           |    97 |   141 |   344 |   498 |   205 ||  1285
         Demon whip        |       |       |       |    14 |    25 ||    39
  Throw: Javelin           |       |    15 |    39 |    14 |    20 ||    88
         Boomerang         |       |       |       |    16 |       ||    16
 Invoke: Heroism           |       |       |     8 |    28 |     9 ||    45
         Finesse           |       |       |       |       |     2 ||     2
    Use: Scroll            |     1 |     8 |    16 |     5 |     2 ||    32
         Potion            |       |       |     2 |     1 |     2 ||     5
 Armour: Scale mail        |    43 |    78 |    60 |       |       ||   181
         Chain mail        |       |       |   115 |    44 |       ||   159
         Plate armour      |       |       |       |   282 |   140 ||   422
  Dodge: Dodged            |    42 |    69 |   127 |   154 |   121 ||   513
  Block: Buckler           |    15 |    23 |    47 |   119 |    75 ||   279

Table legend:
 A = Non-vault XP
 B = Vault XP
 C = Vault XP percentage of total XP
 D = Non-vault monster count
 E = Vault monster count
 F = Vault count percentage of total count
                 A         B        C        D         E       F
            +---------+---------+-------+---------+---------+-------
      Total |   34165 |   15152 |  30.7 |     279 |     131 |  32.0
            +---------+---------+-------+---------+---------+-------
        D:1 |      41 |       0 |   0.0 |      24 |       0 |   0.0
        D:2 |      60 |     284 |  82.6 |      16 |       5 |  23.8
        D:3 |      18 |       0 |   0.0 |      10 |       0 |   0.0
        D:4 |     250 |       0 |   0.0 |      15 |       0 |   0.0
        D:5 |     459 |       1 |   0.2 |      14 |       1 |   6.7
        D:6 |    1261 |       2 |   0.2 |      20 |       2 |   9.1
        D:7 |    1111 |     412 |  27.1 |      27 |       1 |   3.6
        D:8 |     325 |    3374 |  91.2 |      13 |      27 |  67.5
        D:9 |    1909 |     807 |  29.7 |      24 |       9 |  27.3
       D:10 |    3128 |    1441 |  31.5 |      22 |      31 |  58.5
     Lair:1 |    6208 |       0 |   0.0 |      25 |       0 |   0.0
     Lair:2 |    8353 |    2957 |  26.1 |      30 |      12 |  28.6
     Lair:3 |    3095 |    2039 |  39.7 |      10 |       7 |  41.2
     Lair:4 |    5190 |       0 |   0.0 |      18 |       0 |   0.0
     Lair:5 |    2757 |    3433 |  55.5 |      11 |       7 |  38.9
    Ossuary |       0 |     402 | 100.0 |       0 |      29 | 100.0
            +---------+---------+-------+---------+---------+-------
